 Dungeon Crawl Stone Soup version 0.28-a0-802-g09f76e8c00 (webtiles) character file.

Game seed: 18039782521279572243

135 rogsnak the Gusty (level 5, -4/28 HPs)
             Began as a Tengu Air Elementalist on Nov 7, 2021.
             Killed by nerve-wracking pain
             ... invoked by Grinder
              (11 damage)
             ... on level 3 of the Dungeon.
             The game lasted 00:05:40 (3487 turns).

rogsnak the Gusty (Tengu Air Elementalist)          Turns: 3487, Time: 00:05:41

Health: -4/28      AC:  2    Str:  8    XL:     5   Next: 18%
Magic:  10/10      EV: 30    Int: 17    God:
Gold:   140        SH:  0    Dex: 14    Spells: 4/9 levels left

rFire   . . .      SeeInvis .   k - +1 dagger (vamp)
rCold   . . .      Faith    .   (no shield)
rNeg    . . .      Spirit   .   a - +0 robe
rPois   .          Reflect  .   (helmet restricted)
rElec   .          Harm     .   (no cloak)
rCorr   .          Rampage  .   (no gloves)
Will    .....                   (boots unavailable)
Stlth   ++........              d - amulet of the acrobat
HPRegen 0.09/turn               (no ring)
MPRegen 0.12/turn               (no ring)

@: acrobatic, flying quickly and evasively, quick
A: beak, talons 3, nimble flight
a: no special abilities


You were on level 3 of the Dungeon.
You visited 1 branch of the dungeon, and saw 3 of its levels.

You collected 140 gold pieces.

Inventory:

Hand Weapons
 c - a +0 dagger
 e - a +0 short sword
 k - a +1 vampiric dagger (weapon)
Missiles
 h - 13 poisoned darts
Armour
 a - a +0 robe (worn)
Jewellery
 d - an amulet of the acrobat (around neck)
Scrolls
 f - 3 scrolls of immolation {unknown}
 g - a scroll of noise {unknown}
 i - 2 scrolls of identify {unknown}
Potions
 b - 3 potions of lignification {unknown}
 j - 3 potions of curing {unknown}


   Skills:
 + Level 0.1 Fighting
 + Level 2.3 Dodging
 - Level 2.0 Stealth
 + Level 2.8 Spellcasting
 * Level 4.5 Conjurations
 + Level 5.2 Air Magic


You had 4 spell levels left.
You knew the following spells:

 Your Spells              Type           Power      Damage    Failure   Level
a - Shock                 Conj/Air       72%        1d7       2%          1
b - Airstrike             Air            10%        N/A       22%         4

Your spell library contained the following spells:

 Spells                   Type           Power      Damage    Failure   Level
 Static Discharge         Conj/Air       18%        N/A       3%          2
 Swiftness                Air            20%        N/A       6%          3
 Ozocubu's Armour         Ice            2%         N/A       47%         3
 Ozocubu's Refrigeration  Ice            1%         4d5       100%        7


Dungeon Overview and Level Annotations

Branches:
Dungeon (3/15)

Altars:

Annotations:
D:2 1 runed translucent door, Crazy Yiuf
D:3 Grinder


Innate Abilities, Weirdness & Mutations

You have a beak for a mouth.
You have claws for feet.
Your magical nature lets you fly swiftly and evasively.


Message History

You kill the endoplasm!
Magic restored.
Found a whip.
A rat comes into view.
Casting: Shock (safe; 2% risk of failure)
Confirm with . or Enter, or press ? or * to list all spells.
Aiming: Shock (safe; 2% risk of failure)
Press: ? - help, Shift-Dir - straight line, f - rat
Aim: a rat (asleep, 100% to hit)
The zap hits the rat!
You kill the rat!
Unknown command.
You see here a +0 whip.
Found 27 arrows.
Found a robe.
You see here 27 arrows.
You see here a +0 robe.
Grinder comes into view.
Grinder shouts!
Casting: Shock (safe; 2% risk of failure)
Confirm with . or Enter, or press ? or * to list all spells.
Aiming: Shock (safe; 2% risk of failure)
Press: ? - help, Shift-Dir - straight line, f - Grinder
Aim: Grinder (68% to hit)
The zap hits Grinder.
Grinder is lightly wounded.
Grinder gestures at you.
You barely resist.
You start resting.
Grinder gestures at you.
You suddenly lose the ability to move!
Grinder hits you but does no damage. Grinder hits you.
You writhe in agony.
Grinder hits you.
You writhe in agony.
* * * LOW HITPOINT WARNING * * *
You can move again.
Unknown command.
Grinder gestures at you. Pain shoots through your body!
You die...

#.....#
##..#######
#......(.#
##<#####.#####..
#...........5..
#######5# #.#
#.# #@# ######.#
#......#
#.###### #.# #.#
#.# #.# #.######


You could see Grinder.

Vanquished Creatures
  Natasha (twice) (D:3)
  An adder (D:2)
  3 worms
  3 dart slugs
  An orc (D:3)
  8 ball pythons
  4 bats
  2 endoplasms
  4 goblins
  7 hobgoblins
  8 jackals
  5 kobolds
  2 quokkas
  A frilled lizard (D:2)
  6 rats
57 creatures vanquished.

Notes
Turn   | Place    | Note
-------+----------+-------------------------------------------
     0 | D:1      | rogsnak the Tengu Air Elementalist began the quest for the
                  | Orb.
     0 | D:1      | Reached XP level 1. HP: 10/10 MP: 4/4
   262 | D:1      | Reached XP level 2. HP: 15/15 MP: 1/6
   460 | D:1      | Found a faded altar of an unknown god.
   970 | D:1      | Reached XP level 3. HP: 19/19 MP: 4/7
  2336 | D:2      | Reached XP level 4. HP: 24/24 MP: 1/8
  2416 | D:2      | Found a runed translucent door.
  2422 | D:2      | Learned a level 4 spell: Airstrike
  2561 | D:2      | Noticed Crazy Yiuf
  2803 | D:3      | Reached skill level 5 in Air Magic
  2918 | D:3      | Noticed Natasha
  3054 | D:3      | Killed Natasha
  3096 | D:3      | Noticed Natasha
  3108 | D:3      | Killed Natasha
  3109 | D:3      | Gained mutation: Your magical nature lets you fly swiftly
                  | and evasively. [Tengu growth]
  3109 | D:3      | Reached XP level 5. HP: 11/28 MP: 1/10
  3471 | D:3      | Noticed Grinder
  3481 | D:3      | Paralysed by Grinder for 5 turns
  3487 | D:3      | Killed from afar by Grinder

Illustrated notes

Levels and vault maps discovered:
D:1:      ncdulo_halloftheorcs, layout_loops_ring,
          hellmonk_ecumenical_altar_zigzags, serial_glass, glass_columns_a,
          glass_columns_a
D:2:      layout_basic, hangedman_decor_opposing, minmay_tromino_v4_b,
          uniq_crazy_yiuf_cottage
D:3:      layout_loops_ring, mainiacjoe_overflow_boulevard, uniq_grinder,
          uniq_jessica, uniq_natasha

Skill      XL: |  1  2  3  4 |
---------------+-------------+-----
Conjurations   | 2 3 4 |  4.5
Air Magic      | 5 |  5.2
Fighting       | |  0.1
Dodging        | |  2.3
Stealth        | |  2.0
Spellcasting   | |  2.8

Action                   |  1- 3 |  4- 6 || total
-------------------------+-------+-------++-------
Melee: Unarmed           |     2 |       ||     2
       Peck              |     4 |     2 ||     6
       Kick              |     3 |     3 ||     6
       Short sword       |     4 |     3 ||     7
       Dagger            |       |    14 ||    14
 Cast: Shock             |    89 |    31 ||   120
 Stab: Sleeping          |       |     6 ||     6
Armor: Robe              |     2 |     2 ||     4
Dodge: Dodged            |     8 |     4 ||    12

Table legend: (Time is in decaauts)
 A = Elapsed time spent in this place.
 B = Non-inter-level travel time spent in this place.
 C = Inter-level travel time spent in this place.
 D = Time resting spent in this place.
 E = Time spent auto-exploring this place.
 F = Levels seen in this place.
 G = Mean time per level.
                   A        B        C        D        E       F      G
               +--------+--------+--------+--------+--------+-----+--------+
         Total |   3470 |   3392 |     78 |    856 |   2057 |   3 | 1156.7 |
       Dungeon |   3470 |   3392 |     78 |    856 |   2057 |   3 | 1156.7 |
               +--------+--------+--------+--------+--------+-----+--------+

Top non-repeatable levels by time:
     D:1: 1482 daAuts
     D:2: 1264 daAuts
     D:3: 724 daAuts
